 Dungeon Crawl Stone Soup version 0.26-a0-43-g20b394c (webtiles) character file.

Game seed: 4930047299910683170

3053 Anno the Destroyer (level 10, 0/65 HPs)
             Began as a Human Wanderer on June 3, 2020.
             Was a Priest of Ru.
             Splashed by an acid dragon's acid (13 damage)
             ... on level 11 of the Dungeon.
             The game lasted 00:53:13 (9774 turns).

Anno the Destroyer (Human Wanderer)                 Turns: 9774, Time: 00:53:13

Health: 0/65       AC:  5    Str: 14    XL:     10   Next: 11%
Magic:  10/14      EV: 11    Int: 20    God:    Ru [***...]
Gold:   306        SH:  0    Dex: 16    Spells: 2/15 levels left

rFire    . . .     SeeInvis .   b - +2 short sword (elec)
rCold    . . .     Gourm    .   (shield unavailable)
rNeg     . . .     Faith    .   c - +0 robe
rPois    .         Spirit   .   J - +2 helmet {Int+3}
rElec    .         Reflect  .   F - +0 cloak
rCorr    .         Harm     .   Q - +0 pair of gloves (curse)
MR       .....                  K - +1 pair of boots
Stlth    +++.......             G - amulet of regeneration
HPRegen  0.60/turn              (ring unavailable)
MPRegen  0.14/turn              y - +6 ring of dexterity

@: corroded, stab, very slightly contaminated, lightly drained
A: missing a hand
a: Draw Out Power, Renounce Religion


You were on level 11 of the Dungeon.
You worshipped Ru.
Ru was most pleased with you.
You were very hungry.

You visited 2 branches of the dungeon, and saw 10 of its levels.

You collected 441 gold pieces.
You spent 135 gold pieces at shops.

Inventory:

Hand Weapons
 b - a +2 short sword of electrocution (weapon)
 g - a +0 whip
 q - a +0 flail
 r - a +3 short sword
 s - a +0 club
 z - a +0 long sword
 A - a +4 dagger of freezing
Missiles
 w - 48 poisoned darts (quivered)
Armour
 c - a +0 robe (worn)
 F - a +0 cloak (worn)
 J - a +2 helmet of intelligence (worn)
 K - a +1 pair of boots (worn)
 Q - a cursed +0 pair of gloves (worn)
Magical Staves
 a - an uncursed staff of conjuration
 R - an uncursed staff of wizardry
Jewellery
 k - an uncursed amulet of guardian spirit
 u - an uncursed ring of ice
 y - a +6 ring of dexterity (right hand)
 G - an amulet of regeneration (around neck)
Wands
 t - a wand of acid (6)
 E - a wand of flame (15)
 P - a wand of random effects (14)
Scrolls
 d - 2 scrolls of blinking
 e - 6 scrolls of remove curse
 i - 2 scrolls of fog
 j - a scroll of identify
 l - a scroll of enchant armour
 o - a scroll of enchant weapon
 p - a scroll of magic mapping
 v - 2 scrolls of immolation
 D - a scroll of noise
Potions
 h - a potion of flight {unknown}
 m - 2 potions of curing
 n - 2 potions of stabbing
 B - a potion of heal wounds {unknown}
 C - a potion of haste {unknown}
 H - 2 potions of degeneration
 I - 2 potions of berserk rage {unknown}
 N - 2 potions of mutation {unknown}
Comestibles
 f - 9 rations


   Skills:
 - Level 1.2(0.9) Fighting
 - Level 3.0(2.7) Armour
 * Level 4.0(3.8) Stealth
 - Level 3.2(3.0) Spellcasting
 * Level 11.9(11.6) Conjurations
 - Level 1.0(0.7) Hexes
 - Level 1.0(0.7) Summonings
 - Level 2.0(1.7) Translocations
 - Level 2.0(1.7) Air Magic
 - Level 1.0(0.7) Evocations


You had 2 spell levels left.
You knew the following spells:

 Your Spells              Type           Power        Failure   Level  Hunger
a - Magic Dart            Conj           ####         1%          1    None
b - Call Imp              Summ           #.......     16%         2    ##.....
c - Blink                 Tloc           N/A          11%         2    ##.....
d - Conjure Flame         Conj/Fire      ####....     4%          3    ###....
e - Mephitic Cloud        Conj/Pois/Air  ###.....     7%          3    ###....
f - Slow                  Hex            #.......     16%         2    ##.....

Your spell library contained the following spells:

 Spells                   Type           Power        Failure   Level  Hunger


Dungeon Overview and Level Annotations

Branches:
Dungeon (8/15)             Temple (1/1) D:4
   Lair: D:8-11

Altars:
Ashenzari
Cheibriados
Dithmenos
Elyvilon
Fedhas
Gozag
Hepliaklqana
Kikubaaqudgha
Makhleb
Nemelex Xobeh
Okawaru
Qazlal
Ru
Trog
Uskayaw
Vehumet
Xom
Zin

Shops:
D:7 [

Annotations:
D:3 Grinder
D:8 AtlasWard's ghost, novice GrEE


Innate Abilities, Weirdness & Mutations

You are missing a hand.


Message History

Okay, then.
Fire/throw which item? (* to show all) (? for menu, Esc to quit)
Okay, then.
You feel ready to backstab.
Fire/throw which item? (* to show all) (? for menu, Esc to quit)
Throwing (i - inventory. (/) - cycle)
w - 48 poisoned darts (quivered)
Press: ? - help, Shift-Dir - straight line, f - acid dragon
Aim: an acid dragon (catching its breath)
You throw a throwing net. The throwing net hits the acid dragon.
The acid dragon is caught in the net!
The acid dragon struggles against the net.
The helpless acid dragon fails to defend itself.
You puncture the acid dragon!
Lightning courses through the acid dragon!!
The acid dragon is almost dead.
The acid dragon spits acid at you. The splash of acid hits you!
* * * LOW HITPOINT WARNING * * *
You are splashed with acid!
You die...

#############
............ ..$......
.....# #...######
#############D........
#o.......o...@..>.....
#............?.....
#..################
####..###########
#................
#................
#..............##
#...........9..#
#.........>....#


You could see an acid dragon (caught, catching breath) and an orc.

Vanquished Creatures
  A two-headed ogre (D:7)
  Sigmund (D:4)
  2 water moccasins
  An orc warrior (D:7)
  2 phantoms
  A black bear (D:6)
  A sky beast (D:8)
  2 centaurs
  An ogre (D:8)
  A bullfrog (D:6)
  4 killer bees (D:7)
  3 crimson imps
  2 orc priests
  7 orc wizards
  2 hounds
  2 bullfrog skeletons
  Ijyb (D:3)
  An iguana (D:7)
  5 worker ants
  A hound zombie (D:7)
  A hound skeleton (D:2)
  A worker ant zombie (D:5)
  A howler monkey zombie (D:6)
  8 gnolls
  A howler monkey skeleton (D:7)
  7 adders
  An adder skeleton (D:5)
  3 worms
  A dart slug (D:1)
  3 leopard geckos
  35 orcs
  3 giant cockroaches
  3 goblins
  9 hobgoblins
  11 jackals
  6 quokkas
  3 ball pythons
  6 bats
  3 frilled lizards
  11 kobolds
  A quokka skeleton (D:5)
  6 rats
165 creatures vanquished.

Vanquished Creatures (collateral kills)
  2 ogres
  A scorpion (D:11)
  A hound skeleton (D:4)
  An adder (D:2)
  A dart slug (D:2)
6 creatures vanquished.

Vanquished Creatures (others)
  An adder zombie (D:8)
1 creature vanquished.

Grand Total: 172 creatures vanquished

Notes
Turn   | Place    | Note
-------+----------+-------------------------------------------
     0 | D:1      | Anno the Human Wanderer began the quest for the Orb.
     0 | D:1      | Anno set off with the following items: a +0 club, a potion
                  | of lignification, a +0 robe, a ration; and the following
                  | spell memorised: Magic Dart; and the following spells
                  | available to memorise: Call Imp, Slow, Blink, Conjure
                  | Flame, Mephitic Cloud
     0 | D:1      | Reached XP level 1. HP: 13/13 MP: 4/4
    58 | D:1      | Reached skill level 1 in Fighting
   490 | D:1      | Reached XP level 2. HP: 18/21 MP: 0/6
   627 | D:1      | Learned a level 2 spell: Call Imp
  1322 | D:1      | Reached skill level 1 in Conjurations
  1383 | D:1      | Reached XP level 3. HP: 14/26 MP: 3/7
  1390 | D:1      | Learned a level 2 spell: Blink
  2066 | D:2      | Reached skill level 1 in Translocations
  2306 | D:2      | Reached skill level 2 in Conjurations
  2306 | D:2      | Reached XP level 4. HP: 23/32 MP: 2/8
  2936 | D:2      | Found a blossoming altar of Fedhas.
  3005 | D:2      | Learned a level 3 spell: Conjure Flame
  3041 | D:2      | Reached XP level 5. HP: 37/37 MP: 4/9
  3424 | D:3      | Noticed Grinder
  3591 | D:2      | Reached skill level 3 in Conjurations
  4163 | D:3      | Reached skill level 4 in Conjurations
  4171 | D:2      | Reached XP level 6. HP: 32/43 MP: 1/10
  4176 | D:2      | Learned a level 3 spell: Mephitic Cloud
  4708 | D:3      | Noticed Ijyb
  4726 | D:3      | Killed Ijyb
  4885 | D:4      | Noticed an ogre
  5060 | D:4      | Killed an ogre
  5060 | D:4      | Reached skill level 5 in Conjurations
  5318 | D:4      | Reached XP level 7. HP: 22/48 MP: 8/11
  5565 | D:4      | Found a white marble altar of Elyvilon.
  5565 | D:4      | Found a sacrificial altar of Ru.
  5583 | D:4      | Became a worshipper of Ru the Awakened
  5588 | D:4      | Found a hide-covered altar of Uskayaw.
  5604 | D:4      | Reached skill level 6 in Conjurations
  5808 | D:4      | Noticed Sigmund
  5976 | D:4      | Found a staircase to the Ecumenical Temple.
  6023 | Temple   | Entered the Ecumenical Temple
  6326 | D:4      | Killed Sigmund
  6326 | D:4      | Reached skill level 7 in Conjurations
  6401 | D:5      | Entered Level 5 of the Dungeon
  6435 | D:5      | Reached XP level 8. HP: 54/54 MP: 6/12
  6636 | D:5      | Reached skill level 8 in Conjurations
  6643 | D:5      | Learned a level 2 spell: Slow
  7217 | D:6      | Reached skill level 1 in Air Magic
  7427 | D:6      | Reached skill level 9 in Conjurations
  7496 | D:6      | Gained mutation: You are missing a hand. [Ru sacrifice]
  7496 | D:6      | Reached * piety under Ru
  7496 | D:6      | Reached ** piety under Ru
  7496 | D:6      | Reached *** piety under Ru
  7767 | D:6      | Found a burning altar of Makhleb.
  7844 | D:6      | Found a hazy altar of Hepliaklqana.
  8123 | D:7      | Found Etyl's Antique Armour Boutique.
  8164 | D:7      | Bought a runed helmet for 135 gold pieces
  8190 | D:7      | Reached XP level 9. HP: 51/59 MP: 8/13
  8257 | D:7      | Reached skill level 10 in Conjurations
  8539 | D:7      | Noticed a two-headed ogre
  8559 | D:7      | HP: 2/59 [two-headed ogre/+0 giant club (11)]
  8562 | D:7      | Killed a two-headed ogre
  8562 | D:7      | Reached skill level 11 in Conjurations
  9095 | D:7      | Reached XP level 10. HP: 49/65 MP: 4/14
  9617 | D:8      | Found a runed translucent door.
  9619 | D:8      | Noticed AtlasWard's ghost (novice GrEE)
  9743 | D:8      | You fall into a shaft and drop 3 floors!
  9746 | D:11     | Noticed a gargoyle
  9774 | D:11     | Splashed by an acid dragon's acid

Illustrated notes

Levels and vault maps discovered:
D:1:      lightli_arrival_chessboard, layout_loops_cross
D:2:      layout_rooms, fedhas_altar_2
D:3:      layout_rooms, uniq_grinder, uniq_ijyb
D:4:      layout_basic, lemuel_round_altar, grunt_temple_overflow_open,
          temple_green, first_ration, uniq_sigmund
D:5:      layout_rooms, grunt_ministairs_5, lightli_corner_chamber
D:6:      layout_basic, makhleb_grotto_becter, basic_altar
D:7:      layout_rooms, serial_shops, nicolae_shop_trees
D:8:      layout_basic, ebering_ghost_inner_flame, blue_anna_alchemist
          [blue_anna_fruit_fields, blue_anna_fruit_fields], guppyfry_shop_venom
D:11:     layout_long_grid, erik_orc_3, serial_shops, shop, serial_rivers,
          chequers_serial_rivers_micro_e, chequers_serial_rivers_room_b,
          chequers_serial_rivers_micro_a, chequers_serial_rivers_small_a,
          chequers_serial_rivers_room_b
Temple:   oiseaux_autumnal_temple

Skill      XL: |  1  2  3  4  5  6  7  8  9 10 |
---------------+-------------------------------+-----
Fighting       | 1 |  1.2
Conjurations   | 1 2 4 5 7 9 11 | 11.9
Translocations | 1 2 |  2.0
Air Magic      | 1 2 |  2.0
Stealth        | 2 3 4 |  4.0
Armour         | |  3.0
Spellcasting   | |  3.2
Hexes          | |  1.0
Summonings     | |  1.0
Evocations     | |  1.0

Action                   |  1- 3 |  4- 6 |  7- 9 | 10-12 || total
-------------------------+-------+-------+-------+-------++-------
Melee: Club              |    19 |       |       |       ||    19
       Whip              |    41 |       |       |       ||    41
       Short sword       |    50 |   111 |   102 |    29 ||   292
       Dagger            |       |       |   162 |    33 ||   195
Throw: Dart              |       |       |    15 |       ||    15
       Throwing net      |       |       |       |     1 ||     1
 Cast: Magic Dart        |    51 |   111 |   130 |    16 ||   308
       Call Imp          |       |     3 |     7 |     5 ||    15
       Mephitic Cloud    |       |     1 |     8 |     2 ||    11
       Conjure Flame     |       |       |     9 |     1 ||    10
Invok: Sacrifice a Hand  |       |       |     1 |       ||     1
       Draw Out Power    |       |       |       |     1 ||     1
Evoke: Wand              |       |       |     3 |     1 ||     4
  Use: Scroll            |       |       |     4 |     8 ||    12
       Potion            |       |       |       |     3 ||     3
 Stab: Confused          |       |     2 |     5 |     2 ||     9
       Distracted        |       |     1 |       |       ||     1
       Sleeping          |       |       |     1 |     1 ||     2
  Eat: Chunk             |     1 |    10 |    14 |     2 ||    27
       Ration            |     1 |       |       |       ||     1
Armor: Robe              |    20 |     5 |    55 |    17 ||    97
       Skin              |       |       |       |    26 ||    26
Dodge: Dodged            |    70 |    63 |   125 |    19 ||   277

Table legend:
 A = Non-vault XP
 B = Vault XP
 C = Vault XP percentage of total XP
 D = Non-vault monster count
 E = Vault monster count
 F = Vault count percentage of total count
                 A         B        C        D         E       F
            +---------+---------+-------+---------+---------+-------
      Total |    3899 |     463 |  10.6 |     166 |       6 |   3.5
            +---------+---------+-------+---------+---------+-------
        D:1 |      63 |       0 |   0.0 |      22 |       0 |   0.0
        D:2 |     111 |       0 |   0.0 |      23 |       0 |   0.0
        D:3 |     134 |      36 |  21.2 |      24 |       1 |   4.0
        D:4 |     418 |     238 |  36.3 |      21 |       1 |   4.5
        D:5 |     281 |     138 |  32.9 |      18 |       2 |  10.0
        D:6 |     428 |      48 |  10.1 |       8 |       1 |  11.1
        D:7 |    2025 |       0 |   0.0 |      44 |       0 |   0.0
        D:8 |     403 |       3 |   0.7 |       5 |       1 |  16.7
       D:11 |      36 |       0 |   0.0 |       1 |       0 |   0.0
            +---------+---------+-------+---------+---------+-------
